 Dungeon Crawl Stone Soup version 0.28.0 (webtiles) character file.

Game seed: 13808302462972223653

19165 dolemite99 the Cleaver (level 12, 0/81 HPs)
             Began as a Demonspawn Fighter on Feb 14, 2022.
             Was a Priest of Hepliaklqana.
             Succumbed to a swamp dragon's poison gas
             ... on level 2 of the Lair of Beasts on Feb 15, 2022.
             The game lasted 00:21:20 (16669 turns).

dolemite99 the Cleaver (Demonspawn Fighter)        Turns: 16669, Time: 00:21:20

Health: 0/81       AC: 26    Str: 28    XL:     12   Next: 34%
Magic:  4/12       EV:  7    Int: 10    God:    Hepliaklqana [***...]
Gold:   777        SH:  6    Dex: 12    Spells: 11/11 levels left

rFire   . . .      SeeInvis +   a - +1 war axe (spect)
rCold   . . .      Faith    .   c - +1 buckler
rNeg    . . .      Spirit   +   J - +0 plate armour
rPois   .          Reflect  .   (helmet unavailable)
rElec   .          Harm     .   (no cloak)
rCorr   .          Rampage  .   y - +1 pair of gloves
Will    .....                   d - +0 pair of boots
Stlth   ..........              f - amulet of guardian spirit
HPRegen 0.23/turn               L - +6 ring of strength
MPRegen 0.13/turn               (no ring)

@: lethally poisoned (0 -> -2), sanguine armoured, hasted, very quick
A: reduced essence, antennae 3, powered by pain 1, sanguine armour 2
a: Renounce Religion, Recall Ancestor, Ancestor Identity, Transference


You were on level 2 of the Lair of Beasts.
You worshipped Hepliaklqana.
Hepliaklqana was most pleased with you.
You visited 3 branches of the dungeon, and saw 14 of its levels.

You collected 885 gold pieces.
You spent 108 gold pieces at shops.

Inventory:

Hand Weapons
 a - a +1 spectral war axe (weapon)
 b - a +4 vorpal broad axe
 h - a +4 whip
 m - a +2 flail of protection
 F - a +0 hunting sling
Missiles
 i - 125 sling bullets
 n - 228 stones (quivered)
 o - 145 arrows
 p - 65 bolts
 r - 2 throwing nets
 C - 22 poisoned darts
Armour
 c - a +1 buckler (worn)
 d - a +0 pair of boots (worn)
 k - a +0 helmet
 w - a +0 hat
 y - a +1 pair of gloves (worn)
 J - a +0 plate armour (worn)
Magical Staves
 B - a staff of conjuration
 M - a staff of poison
Jewellery
 f - an amulet of guardian spirit (around neck)
 j - a ring of ice
 q - a ring of magical power
 u - the ring "Susaiq" {Fly Str-5 SInv Stlth+}
   (You found it on level 4 of the Dungeon)

   [ring of flight]

   Str:       It affects your strength (-5).
   SInv:      It lets you see invisible.
   Fly:       It grants you flight.
   Stlth:     It makes you more stealthy.
 D - an amulet of the acrobat
 L - a +6 ring of strength (left hand)
Wands
 s - a wand of polymorph (5)
Scrolls
 x - 4 scrolls of identify {@r1}
 G - a scroll of enchant armour
 H - a scroll of teleportation
 K - a scroll of amnesia
 N - a scroll of magic mapping
Potions
 e - a potion of degeneration
 v - a potion of cancellation
 z - 2 potions of magic
 A - a potion of haste
 E - a potion of attraction
 I - 2 potions of flight


   Skills:
 + Level 7.2 Fighting
 - Level 13.1(13.8) Axes
 - Level 6.9(11.0) Maces & Flails
 - Level 8.1 Armour
 - Level 7.4 Shields


You had 11 spell levels left.
You didn't know any spells.
Your spell library contained the following spells:

 Spells                   Type           Power      Damage    Failure   Level
 Apportation              Tloc           0%         N/A       99%         1
 Conjure Flame            Conj/Fire      0%         6-21      100%        3
 Ignite Poison            Fire/Tmut/Pois 0%         N/A       100%        3
 Mephitic Cloud           Conj/Pois/Air  0%         N/A       100%        3
 Sticky Flame             Conj/Fire      0%         2d3       100%        4
 Alistair's Intoxication  Tmut/Pois      0%         N/A       100%        5
 Freezing Cloud           Conj/Ice/Air   0%         6-21      100%        5


Dungeon Overview and Level Annotations

Branches:
Dungeon (11/15)            Temple (1/1) D:7            Lair (2/6) D:10
    Orc (0/2) D:9
  Swamp: Lair:2-4    Shoals: Lair:2-4     Snake: Lair:2-4    Spider: Lair:2-4

Altars:
Ashenzari
Cheibriados
Dithmenos
Elyvilon
Fedhas
Gozag
Hepliaklqana
Kikubaaqudgha
Makhleb
Nemelex Xobeh
Okawaru
Qazlal
Ru
Sif Muna
Trog
Uskayaw
Vehumet
Wu Jian
Xom
Yredelemnul
Zin
The Shining One

Shops:
D:4 *

Annotations:
D:3 2 runed translucent doors, Nelsoonmonsoon's ghost, amateur TeBe
D:10 exclusion: downstairs


Innate Abilities, Weirdness & Mutations

Your life essence is reduced to manifest your ancestor. (-10% HP)
You have a pair of large antennae on your head. (SInv)
You sometimes gain a little power by taking damage.
When seriously injured, your blood forms thick armour. (AC +9)


Message History

You kill the water moccasin!
You slice the fungus!! You closely miss the wyvern.
Your +1 spectral war axe hits the fungus!
You feel sick. The wyvern bites you.
* * * LOW HITPOINT WARNING * * *
You hit the wyvern but do no damage. You hit the fungus.
Your +1 spectral war axe hits the fungus!!
The wyvern bites you!
* * * LOW HITPOINT WARNING * * *
Okay, then.
You slash the wyvern!
The wyvern is moderately wounded.
You completely miss the fungus.
Your +1 spectral war axe hits the fungus!
Your +1 spectral war axe hits the wyvern!
* * * LOW HITPOINT WARNING * * *
You feel sick.
The wyvern bites you but does no damage.
You completely miss the wyvern.
The wyvern is almost dead.
You slash the fungus!
Your +1 spectral war axe hits the fungus!
Your +1 spectral war axe hits the wyvern!
You kill the wyvern!
Really quaff the potion of mutation?
You feel extremely strange.
You feel a hidden potential growing inside you.
You feel less in control of your magic.
* * * LOW HITPOINT WARNING * * *
You feel sick.
A nearby fungus withers and dies.
Really quaff the potion of mutation?
You feel extremely strange.
You no longer feel a hidden potential within.
You regain control of your magic.
You feel clever.
You feel less energetic.
You feel resistant to cold.
Really quaff the potion of mutation?
You feel extremely strange.
You feel stupid.
You no longer feel cold resistant.
You feel more energetic.
You feel clumsy.
You feel agile.
You die...

.. ... ...... ...
.. .........?.
..##.###.P#.......
..........#......
+........P.....
#............#+P
...#...............
...................
...#.......@...#
.........####..#
.......... .#
........... .#
..........(. ..
............. ..
...$.......... .
#.#.#P########


There were no monsters in sight!

Vanquished Creatures
  3 hydras (Lair:1)
  A two-headed ogre (D:10)
  2 black mambas (Lair:1)
  2 elephants (Lair:1)
  2 cane toads
  A komodo dragon (Lair:1)
  A rime drake (Lair:1)
  A polar bear (Lair:1)
  2 trolls
  Grinder (D:6)
  4 blink frogs (Lair:1)
  4 shadows
  17 yaks
  2 wraiths
  A wyvern (Lair:2)
  2 acid dragons (D:11)
  3 water moccasins
  3 orc warriors
  2 sky beasts (D:7)
  An ice beast (D:6)
  2 ogres
  A necrophage (D:4)
  A black bear (Lair:1)
  2 wolves
  3 centaurs
  4 kobold brigands
  7 bullfrogs
  2 scorpions (D:5)
  A wyvern zombie (D:6)
  13 killer bees
  4 wights (D:9)
  A howler monkey (D:8)
  2 electric eels (D:10)
  2 vampire bats (D:3)
  5 centaur zombies
  2 gnoll shamans
  3 hounds
  6 orc priests
  2 bullfrog skeletons (D:6)
  4 jellies
  4 iguanas
  17 orc wizards
  A killer bee zombie (D:9)
  A howler monkey zombie (D:5)
  9 gnolls
  11 adders
  A howler monkey skeleton (D:5)
  A shadow imp (D:3)
  2 dart slugs
  27 orcs
  5 bats
  3 bat skeletons (D:3)
  2 bat zombies (D:3)
  8 endoplasms
  6 giant cockroaches
  10 goblins
  5 hobgoblins
  3 quokkas
  4 ball pythons
  2 frilled lizards
  15 kobolds
  6 rats (D:1)
265 creatures vanquished.

Vanquished Creatures (collateral kills)
  Fannar (D:11)
  A komodo dragon (Lair:1)
  A troll (D:11)
  A polar bear (Lair:1)
  2 blink frogs (Lair:1)
  A wyvern (D:11)
  4 yaks
  2 basilisks (Lair:1)
  A steam dragon (D:10)
  3 water moccasins
  An orc warrior (D:10)
  A wolf (D:10)
  A bullfrog (Lair:1)
  A killer bee (D:9)
  A wight (D:9)
  A centaur zombie (D:10)
  2 hounds (D:10)
  A jelly (D:10)
  An iguana (Lair:2)
  5 orcs
  2 kobolds (D:9)
  A frilled lizard (D:10)
35 creatures vanquished.

Vanquished Creatures (others)
  An iguana (Lair:2)
  8 battlemagi
  An orc (D:10)
  4 fungi
  12 plants
  5 toadstools (D:8)
31 creatures vanquished.

Grand Total: 331 creatures vanquished

Notes
Turn   | Place    | Note
-------+----------+-------------------------------------------
     0 | D:1      | dolemite99 the Demonspawn Fighter began the quest for the
                  | Orb.
     0 | D:1      | Reached XP level 1. HP: 18/18 MP: 1/1
    19 | D:1      | Reached skill level 2 in Axes
   105 | D:1      | Gained mutation: You have a pair of small antennae on your
                  | head. [demonic ancestry]
   105 | D:1      | Reached XP level 2. HP: 19/24 MP: 2/2
   481 | D:1      | Reached skill level 3 in Axes
   750 | D:1      | Reached XP level 3. HP: 26/29 MP: 3/3
  1886 | D:2      | Found a snail-covered altar of Cheibriados.
  2302 | D:3      | Reached XP level 4. HP: 29/35 MP: 4/4
  2308 | D:3      | Reached skill level 4 in Axes
  2410 | D:3      | Identified a scroll of acquirement
  2412 | D:3      | Acquired a +4 vorpal broad axe
  2498 | D:3      | Found a faded altar of an unknown god.
  2652 | D:3      | Found a large runed translucent door.
  2652 | D:3      | Found a large runed translucent door.
  2657 | D:3      | Noticed Nelsoonmonsoon's ghost (amateur TeBe)
  3163 | D:3      | Gained mutation: You have a pair of antennae on your head.
                  | [demonic ancestry]
  3163 | D:3      | Reached XP level 5. HP: 41/41 MP: 5/5
  3165 | D:3      | Found an ancient bone altar of Kikubaaqudgha.
  3168 | D:3      | Reached skill level 5 in Axes
  3386 | D:4      | Found Veng's Mayhem Merchandise.
  3394 | D:4      | Bought a wand of iceblast (5) for 108 gold pieces
  3493 | D:4      | Identified the ring "Susaiq" {Fly Str-5 SInv Stlth+}
  3611 | D:4      | Noticed a necrophage
  3624 | D:4      | Gained mutation: When seriously injured, your blood forms
                  | armour. (AC +9) [demonic ancestry]
  3624 | D:4      | Reached XP level 6. HP: 47/47 MP: 6/6
  3626 | D:4      | Reached skill level 6 in Axes
  4332 | D:5      | Entered Level 5 of the Dungeon
  4469 | D:4      | Reached skill level 7 in Axes
  4803 | D:5      | Gained mutation: When seriously injured, your blood forms
                  | thick armour. (AC +9) [demonic ancestry]
  4803 | D:5      | Reached XP level 7. HP: 47/52 MP: 7/7
  4940 | D:5      | Reached skill level 8 in Axes
  4943 | D:5      | Noticed a shadow
  5666 | D:5      | Gained mutation: You sometimes gain a little power by
                  | taking damage. [demonic ancestry]
  5666 | D:5      | Reached XP level 8. HP: 25/58 MP: 8/8
  5711 | D:5      | Reached skill level 9 in Axes
  6736 | D:6      | Reached skill level 10 in Axes
  6931 | D:6      | Noticed Grinder
  6932 | D:6      | Paralysed by Grinder for 5 turns
  6940 | D:6      | Killed Grinder
  7219 | D:6      | Reached XP level 9. HP: 63/63 MP: 9/9
  7336 | D:6      | Reached skill level 11 in Axes
  7721 | D:7      | Found a staircase to the Ecumenical Temple.
  7730 | Temple   | Entered the Ecumenical Temple
  8008 | Temple   | Became a worshipper of Hepliaklqana the Forgotten
  8674 | D:7      | Reached skill level 12 in Axes
  9055 | D:8      | Found an ornate altar of the Wu Jian Council.
  9078 | D:8      | Found a blossoming altar of Fedhas.
  9172 | D:8      | Reached * piety under Hepliaklqana
  9902 | D:9      | Reached skill level 13 in Axes
 10331 | D:9      | Reached XP level 10. HP: 28/63 MP: 10/10
 10683 | D:9      | Found a staircase to the Orcish Mines.
 10809 | D:9      | Found a basalt altar of Yredelemnul.
 10818 | D:9      | Found an opulent altar of Gozag.
 10895 | D:9      | Reached ** piety under Hepliaklqana
 10896 | D:9      | Remembered your ancestor Ramose as a battlemage
 11347 | D:10     | Entered Level 10 of the Dungeon
 11365 | D:10     | Reached skill level 5 in Armour
 11743 | D:10     | Found a shadowy altar of Dithmenos.
 12004 | D:10     | Noticed a two-headed ogre
 12016 | D:10     | Killed a two-headed ogre
 12761 | D:11     | Noticed a four-headed hydra
 13186 | D:11     | Noticed Fannar
 13197 | D:11     | Killed Fannar
 13198 | D:11     | Reached skill level 5 in Fighting
 13198 | D:11     | Gained mutation: You have a pair of large antennae on your
                  | head. (SInv) [demonic ancestry]
 13198 | D:11     | Reached XP level 11. HP: 18/72 MP: 11/11
 13777 | D:11     | Reached skill level 1 in Maces & Flails
 14290 | D:10     | Found a staircase to the Lair.
 14314 | Lair:1   | Entered Level 1 of the Lair of Beasts
 14642 | Lair:1   | Reached *** piety under Hepliaklqana
 14749 | Lair:1   | Noticed a four-headed hydra
 14760 | Lair:1   | Killed a four-headed hydra
 14761 | Lair:1   | Reached skill level 5 in Maces & Flails
 14973 | Lair:1   | Found an opulent altar of Gozag.
 15358 | Lair:1   | Noticed a six-headed hydra
 15366 | Lair:1   | Killed a six-headed hydra
 15573 | Lair:1   | Reached skill level 5 in Shields
 15657 | Lair:1   | Noticed a five-headed hydra
 15681 | Lair:1   | Killed a five-headed hydra
 15682 | Lair:1   | Reached XP level 12. HP: 16/79 MP: 10/12
 16664 | Lair:2   | HP: 2/81 [wyvern (6)]
 16667 | Lair:2   | Gained mutation: You have hidden genetic potential. [potion
                  | of mutation]
 16667 | Lair:2   | Gained mutation: Your spells are a little harder to cast,
                  | but a little more powerful. [potion of mutation]
 16668 | Lair:2   | Lost mutation: You have hidden genetic potential. [potion
                  | of mutation]
 16668 | Lair:2   | Lost mutation: Your spells are a little harder to cast, but
                  | a little more powerful. [potion of mutation]
 16668 | Lair:2   | Gained mutation: Your mind is acute. (Int +2) [potion of
                  | mutation]
 16668 | Lair:2   | Gained mutation: Your magical capacity is low. (-10% MP)
                  | [potion of mutation]
 16668 | Lair:2   | Gained mutation: Your flesh is cold resistant. (rC+)
                  | [potion of mutation]
 16669 | Lair:2   | Lost mutation: Your mind is acute. (Int +2) [potion of
                  | mutation]
 16669 | Lair:2   | Lost mutation: Your flesh is cold resistant. (rC+) [potion
                  | of mutation]
 16669 | Lair:2   | Lost mutation: Your magical capacity is low. (-10% MP)
                  | [potion of mutation]
 16669 | Lair:2   | Gained mutation: You are clumsy. (Dex -2) [potion of
                  | mutation]
 16669 | Lair:2   | Lost mutation: You are clumsy. (Dex -2) [potion of
                  | mutation]
 16669 | Lair:2   | Succumbed to a swamp dragon's poison gas

Illustrated notes

Levels and vault maps discovered:
D:1:      eino_arrival_tree_alley, layout_loops_ring
D:2:      layout_basic, basic_altar
D:3:      layout_basic, kennysheep_vampire_church, ebering_ghost_disaster_area,
          ebering_ecumenical_altar_box, kennysheep_path_1, due_unseen_surprise
D:4:      layout_loops_ring, serial_bayou, serial_bayou_ford_a,
          serial_bayou_pond_d, serial_bayou_lagoon_a, serial_bayou_lagoon_b,
          minmay_shop_mayhem, kennysheep_cluttered_room,
          hangedman_decor_opposing, corner_web_ring, dk_noncrumbling_3
D:5:      layout_rooms
D:6:      layout_loops_cross, uniq_grinder
D:7:      layout_cave_pods, minmay_temple_entry_overgrown, abandoned_shop,
          minivault_23
D:8:      layout_basic, nicolae_overflow_squiral, minmay_gold_behind_fungi
D:9:      layout_irregular_city, grunt_temple_overflow_cloverleaf,
          hiddenorc1_lemuel
D:10:     layout_rooms, grunt_dithmenos_smoke, erik_lair_island, serial_bayou,
          serial_bayou_shore_a, serial_bayou_pond_e, serial_bayou_pond_e,
          serial_bayou_shore_b, serial_bayou_lake_a, serial_bayou_pond_b,
          chequers_serial_rivers_room_a
D:11:     layout_long_grid, serial_shops, bzr_firewalk, uniq_fannar
Temple:   dpeg_chambers_temple
Lair:1:   layout_cellular_growth, basic_altar, nicolae_lair_grove_arrangements,
          minmay_shattered_shrine, infiniplex_staircase_pool_2
Lair:2:   layout_chaotic_city, minmay_swamp_entry_reptiles, lemuel_fruit_fields,
          grunt_megastairs_5

Skill      XL: |  1  2  3  4  5  6  7  8  9 10 11 12 |
---------------+-------------------------------------+-----
Axes           | 2 3 4 5 7 8 10 13 | 13.1
Armour         | 3 8 |  8.1
Fighting       | 5 6 7 |  7.2
Maces & Flails | 6 |  6.9
Shields        | 5 7 |  7.4

Action                   |  1- 3 |  4- 6 |  7- 9 | 10-12 || total
-------------------------+-------+-------+-------+-------++-------
Melee: War axe           |   128 |    26 |   184 |   155 ||   493
       Broad axe         |       |    42 |       |    71 ||   113
       Flail             |       |       |       |    15 ||    15
Throw: Stone             |     5 |     9 |     2 |    12 ||    28
       Dart              |       |     7 |    39 |    41 ||    87
       Throwing net      |       |       |       |     2 ||     2
Invok: Ancestor Life: Ba |       |       |       |     1 ||     1
       Recall Ancestor   |       |       |       |     3 ||     3
Evoke: Wand              |       |     3 |     2 |    11 ||    16
  Use: Scroll            |       |     7 |    14 |     5 ||    26
       Potion            |       |       |     5 |    11 ||    16
 Stab: Distracted        |     1 |       |     3 |     6 ||    10
Armor: Scale mail        |    71 |    23 |    57 |       ||   151
       Plate armour      |       |       |    22 |   141 ||   163
       Skin              |       |       |       |     5 ||     5
Dodge: Dodged            |    54 |    26 |    75 |    68 ||   223
Block: Buckler           |    32 |     9 |    63 |    71 ||   175
